[Event "Marshall CC Premier 01-2025"]
[Site "New York"]
[Date "2025.01.05"]
[Round "4.2"]
[White "Rohde, Michael"]
[Black "Mottola, Max"]
[Result "1-0"]
[ECO "D02"]
[WhiteElo "2269"]
[BlackElo "2132"]
[Annotator "TA"]
[PlyCount "105"]
[EventDate "2025.01.03"]
[EventType "swiss"]
[EventCountry "USA"]
[SourceTitle "playchess.com"]
[Source "ChessBase"]
[SourceQuality "1"]
[TimeControl "5400+30"]

1. Nf3 d5 2. g3 Nc6 3. d4 Bf5 4. Bg2 e6 5. O-O Nb4 6. Na3 Be7 7. c3 Nc6 8. Qa4 Qd7 9. b4 {[%emt 0:08:25] The position is equal.} Ne5 10. Qxd7+ Nxd7 11. Nb5 Kd8 12. Ng5 Bg6 13. Bf4 {[%emt 0:03:02][%cal Og5e6] [#] Nxe6+! is the strong threat.} c6 14. Nd6 Bxd6 15. Bxd6 Ngf6 16. Rfc1 Nb6 17. Nf3 Ne4 {[%emt 0:04:31] Inhibits Nd2.} 18. Bf4 f6 {[%emt 0:04:46] Wards off Ne5} 19. Ne1 Nc4 20. Nd3 Ned6 {[%emt 0:06:43] Excellent horsemanship.} 21. f3 Re8 (21... a5 {keeps more tension.} 22. Nc5 e5 23. dxe5 fxe5 24. Bg5+ Kc8) 22. Bxd6 Nxd6 (22... Bxd3 $5 23. Bf8 Rxf8 (23... Bxe2 24. Bxg7 Ke7 25. Re1 $15) 24. exd3 Nd6 $16) 23. Nf4 Bf7 24. Nd3 e5 25. dxe5 fxe5 26. e4 Kc7 (26... dxe4 $17 27. fxe4 Kc7) 27. exd5 $11 cxd5 28. f4 Nc4 (28... e4 $142 29. Nc5 Nc4) 29. fxe5 Nxe5 30. Rf1 {[%emt 0:00:33] [#] Threatens to win with Nxe5.} Bg8 31. Nf4 $36 {[%emt 0:00:13][%mdl 2048] White is pushing.} Rad8 32. Rad1 (32. Rfd1 {simplifies} Ng4 33. Nxd5+ Bxd5 34. Rxd5 Rxd5 35. Bxd5 Re3 36. Rc1) 32... Kc6 33. Rd4 {[%emt 0:01:10] White is more active.} g5 (33... Ng4 $142) 34. Nh5 {[%emt 0:00:15] aiming for Nf6.} Rf8 35. Nf6 {[%emt 0:00:39] Strongly threatening Nxg8.} Be6 {[%emt 0:02:10] Black cannot hold the game after this.} (35... Kc7 $16 {might work better.} 36. Nxg8 (36. Bxd5 Rxf6 37. Rxf6 Bxd5 $17) (36. Nxd5+ Bxd5 37. Rxf8 Rxf8 $18) 36... Rxf1+ 37. Kxf1 Rxg8) 36. c4 $1 $18 (36. Nxh7 Rxf1+ 37. Kxf1 Nf7) 36... Kd6 37. cxd5 Bd7 38. Ne4+ (38. Nxh7 Rxf1+ 39. Kxf1 Bb5+ 40. Kg1 Rc8) 38... Kc7 39. Rxf8 (39. Nxg5 Rxf1+ 40. Kxf1 h5 $18) 39... Rxf8 40. Nxg5 h6 41. Ne4 Nf3+ 42. Bxf3 Rxf3 {[%emt 0:00:03][%mdl 4096] Endgame. KRB-KRN} 43. Kg2 Ra3 44. Rd2 Ra4 (44... Bf5 {was worth a try.} 45. Nf6 Kd6) 45. Rc2+ Kd8 46. Rb2 a5 $2 (46... Ra3 47. Nd6 Kc7) 47. Nc5 Rxb4 (47... Ra3 $142 48. Nxb7+ Kc7 49. Nxa5 Bf5) 48. Rxb4 (48. Nxb7+ Kc7 49. Rxb4 (49. Nxa5 $2 {too greedy.} Rxb2+ 50. Kf3 Rb4 $19) 49... axb4 $16) 48... axb4 49. Nxd7 ({Weaker is} 49. Nxb7+ Kc7 50. Na5 (50. Nc5 Bb5 $11) 50... Kd6 $18) 49... Kxd7 {[%emt 0:00:05] KP-KP} 50. Kf3 {[%emt 0:00:03] Ke4 would kill now.} Kd6 51. Ke4 {[%emt 0:00:04] White mates.} h5 52. Kd4 b5 53. h3 {[%emt 0:00:06] Weighted Error Value: White=0.08 (flawless) /Black=0.30.  Mistake:       	---       	Black=7      Inaccurate:     	White=4     	Black=3      OK:         	White=16    	Black=15     Best:        	White=5     	Black=5      Strong:       	White=1     	---} 1-0

[Event "Marshall CC Premier 01-2025"]
[Site "New York"]
[Date "2025.01.05"]
[Round "4.3"]
[White "Zhu, Linxi"]
[Black "Ayyappan, Santhosh"]
[Result "0-1"]
[ECO "C90"]
[WhiteElo "2125"]
[BlackElo "2019"]
[Annotator "TA"]
[PlyCount "96"]
[EventDate "2025.01.03"]
[EventType "swiss"]
[EventCountry "USA"]
[SourceTitle "playchess.com"]
[Source "ChessBase"]
[SourceQuality "1"]
[TimeControl "5400+30"]

1. e4 e5 2. Nf3 Nc6 3. Bb5 a6 4. Ba4 Nf6 5. O-O b5 6. Bb3 Be7 7. Re1 d6 8. c3 Na5 9. Bc2 c5 10. d4 Qc7 11. d5 Nc4 12. b3 Nb6 13. a4 Bd7 {[%emt 0:00:05] White is slightly better.} 14. a5 Nc8 15. c4 b4 16. Nbd2 O-O 17. Nf1 Ne8 18. h3 g6 (18... Bf6 $14) 19. Bh6 $16 Ng7 20. Ng3 Bf6 21. Nh2 Qd8 22. Qd2 {[%emt 0:01:36] Prevents Bg5} Bh4 23. Nf3 {[%emt 0:04:08] aiming for Nxh4.} Bf6 24. Kh2 (24. Ne2 $16) 24... Kh8 $14 25. Rg1 (25. Qc1 $14) 25... Ne7 $11 26. Nf1 Ng8 27. Be3 Be7 28. g4 f5 29. gxf5 gxf5 30. Bh6 Bf6 31. Ng3 (31. Bxg7+ Bxg7 32. Ng3 Bh6) 31... f4 32. Bxg7+ Bxg7 33. Nf5 Bxf5 34. exf5 Bf6 {[%emt 0:00:19][%cal Oe5e4] Wards off Ng5} 35. Qe2 {[%emt 0:02:27] [#]} ({White should play} 35. Rae1 $15) 35... e4 $1 $17 36. Bxe4 Bxa1 37. Rxa1 Qf6 38. Rg1 Nh6 $36 {[%emt 0:09:12][%cal Of8g8][%mdl 2048] Black is in control.} 39. Ng5 Rg8 40. Qh5 (40. h4 $142) 40... Rg7 $1 41. h4 Rag8 42. Qf3 (42. Kh3 $142) 42... Qe5 $2 (42... Nf7 $19 {[%cal Rf7g5] is more deadly.} 43. Nxf7+ Qxf7 44. Rxg7 Qxg7 45. Qxf4 Qg4 46. Qxg4 Rxg4) 43. Qh5 f3+ $1 (43... Nxf5 44. Nf7+ Rxf7 45. Qxf7 f3+ (45... Qxe4 46. Rxg8#) 46. Kh1 Rxg1+ 47. Kxg1 Qg7+ (47... Qa1+ $2 48. Kh2 $18) 48. Qxg7+ Nxg7 49. Kh2 $18 (49. Bxf3 Nf5 $11)) 44. Kh1 {[%emt 0:00:01] [#]} (44. Kh3 $17 Qf6 (44... Nxf5 45. Bd3 $11) 45. Rg3) 44... Qxe4 $2 (44... Nxf5 $2 {is the wrong capture.} 45. Nf7+ Rxf7 46. Qxf7 $18) (44... Qf6 $1 $19 {[%mdl 512] White must now prevent ...Nf7.} 45. Qxf3 Nf7 46. Nxf7+ Qxf7 (46... Rxf7 $2 47. Qf4 $19)) 45. f6 $2 {[%emt 0:00:07][%mdl 8192] [#]} (45. Nxe4 $2 {is a self mate.} Rxg1+ 46. Kh2 R8g2+ 47. Kh3 Rh1#) (45. Qxh6 $11 Qxf5 46. Qxd6) 45... Rxg5 $1 $19 46. hxg5 {[%emt 0:00:16] [#]} Nf7 $1 {[%emt 0:01:11][%mdl 512] ...Rg6 is the strong threat.} 47. Rg3 (47. Qg4 Qg6) 47... Qe1+ 48. Rg1 {[%emt 0:00:01] [#]} Qxg1+ $3 {[%emt 0:00:16][%mdl 512] Weighted Error Value: White=0.48/Black=0.18 (very precise) .  Loses game:     	White=1     	---        Missed win:     	---       	Black=2      Mistake:       	White=6     	Black=1      Inaccurate:     	White=3     	---        OK:         	White=15    	Black=19     Best:        	White=2     	---        Strong:       	---       	Black=2      Brilliant:      	---       	Black=2} 0-1

[Event "Marshall CC Premier 01-2025"]
[Site "New York"]
[Date "2025.01.05"]
[Round "4.5"]
[White "Belenky, Nicholas"]
[Black "Hebbar, Eshaan"]
[Result "0-1"]
[ECO "C78"]
[WhiteElo "1977"]
[BlackElo "2144"]
[Annotator "TA"]
[PlyCount "112"]
[EventDate "2025.01.03"]
[EventType "swiss"]
[EventCountry "USA"]
[SourceTitle "playchess.com"]
[Source "ChessBase"]
[SourceQuality "1"]
[TimeControl "5400+30"]

1. e4 e5 2. Nf3 Nc6 3. Bb5 a6 4. Ba4 Nf6 5. O-O b5 6. Bb3 Bc5 7. c3 d6 8. d4 Bb6 9. Be3 O-O 10. Nbd2 h6 11. h3 Re8 12. Re1 Na5 13. Bc2 c5 14. a4 Rb8 15. d5 c4 16. Nf1 Bxe3 17. Nxe3 Nb7 18. axb5 axb5 19. g4 Nc5 20. Nf5 ({Better is} 20. Nd2 $15) 20... Bxf5 $17 21. gxf5 Ra8 22. Rb1 Nh5 $36 {[%emt 0:08:54][%cal Bf6h5,Bh5f4,Bf4h3][%mdl 2080] Black has strong initiative. Black is more active.} 23. Nd2 (23. Kh2 $17 {might work better.}) 23... Nf4 $19 ({Don't play} 23... Qg5+ 24. Kh2 $17) 24. Qg4 {[%emt 0:01:18] [#]} Nxh3+ $1 {[%emt 0:09:14][%mdl 512] A dynamic duo of knights.} 25. Kf1 (25. Qxh3 Qg5+) 25... Nf4 26. Nf3 Qf6 27. Nh4 Qg5 28. Qxg5 hxg5 29. Ng2 Nxg2 30. Kxg2 Ra2 31. Rec1 Rc8 32. f3 Na4 (32... Kf8 $19 33. Rh1 Ke7) 33. Bxa4 $17 bxa4 $11 {[%emt 0:00:03][%mdl 4096] Endgame KRR-KRR. Black is a pawn up.} 34. Ra1 $2 (34. Kg3 $17 {is a better chance.}) 34... Rxb2+ $19 35. Kg3 Ra8 36. Ra3 Rb3 37. Rca1 Rxa3 38. Rxa3 {[%emt 0:00:09] KR-KR. Black is two pawns up.} f6 39. Kg4 Kf7 40. Kh5 Ra7 41. Kg4 g6 42. Kg3 gxf5 43. exf5 Kg7 44. Kh3 Ra5 45. Kg3 Kh7 (45... Rxd5 46. Rxa4 Rc5 47. Kf2 $19) 46. Kh3 Kh6 (46... Rxd5 47. Rxa4 Rc5 48. Ra7+ Kh6 49. Rf7 $17) 47. Kg4 Ra8 (47... Rxd5 $2 48. Rxa4 Rd1 49. Rxc4 $19) 48. Kg3 Ra7 49. Kg4 (49. Ra2 $142) 49... Ra5 50. Kg3 $2 (50. Ra2) 50... Rxd5 51. Rxa4 {[%emt 0:00:07] [#]} e4 $1 52. fxe4 Rd3+ 53. Kf2 Rxc3 54. Ke2 g4 {[%emt 0:00:12] And now ...g3 would win.} 55. Kd2 Rd3+ 56. Ke2 d5 0-1

[Event "Marshall CC Premier 01-2025"]
[Site "New York"]
[Date "2025.01.05"]
[Round "4.6"]
[White "Karas, Nicholas"]
[Black "Nkululeko, Nkosi"]
[Result "1/2-1/2"]
[ECO "A04"]
[WhiteElo "2042"]
[BlackElo "1970"]
[Annotator "RC"]
[PlyCount "141"]
[EventDate "2025.01.03"]
[EventType "swiss"]
[EventCountry "USA"]
[SourceTitle "playchess.com"]
[Source "ChessBase"]
[SourceQuality "1"]
[TimeControl "5400+30"]

1. Nf3 b5 2. e3 a6 3. b3 Nf6 4. Bb2 c5 5. Be2 e6 6. a4 b4 7. O-O Bb7 8. c4 d6 9. d4 Nbd7 10. Nbd2 Be7 11. Qc2 Qc7 12. Rac1 O-O 13. Qb1 e5 14. Qa1 e4 15. Ne1 Rfe8 16. d5 Bf8 17. Kh1 h5 18. g3 Qd8 19. Ng2 Bc8 20. Nf4 g6 21. Qb1 Qe7 22. h4 Bh6 23. Rce1 Nh7 24. Rg1 Ndf8 25. Bf1 Bg4 26. Be2 f5 27. Nf1 Bg7 28. Nh2 Bxb2 29. Qxb2 Qg7 30. Qd2 Nf6 31. Bf1 N6d7 32. Bg2 Ne5 33. Nxg4 hxg4 34. Kh2 Ra7 35. Rh1 Qf6 36. Kg1 Rh7 37. Kf1 a5 38. Ke2 Nf3 39. Bxf3 exf3+ 40. Kd3 Re4 41. Kc2 Kf7 42. Kb1 Ke8 43. Rd1 Kd7 44. Qb2 Qxb2+ 45. Kxb2 Rh6 46. Kc2 Rh7 47. Kd3 Ke8 48. Rhg1 Kf7 49. Kc2 Kf6 50. Rh1 Rhe7 51. Rh2 Re8 52. Rhh1 Kg7 53. Rd2 Kh6 54. Rhd1 Rxf4 55. exf4 Nd7 56. Rf1 Nf6 57. Rdd1 Re2+ 58. Rd2 Re7 59. Rdd1 Re2+ 60. Rd2 Re8 61. Rdd1 Ne4 62. Rde1 Kg7 63. Rg1 Kf7 64. Rgf1 Re7 65. Kb2 Kg7 66. Kc2 Kf6 67. Kc1 Rh7 68. Kc2 Rh8 69. Kd3 Re8 70. Kc2 Kf7 71. Kc1 1/2-1/2

[Event "Marshall CC Premier 01-2025"]
[Site "New York"]
[Date "2025.01.05"]
[Round "4.7"]
[White "Hyatt, Jessica"]
[Black "Cheung, Kyle"]
[Result "1-0"]
[ECO "D36"]
[WhiteElo "1979"]
[BlackElo "1860"]
[Annotator "RC"]
[PlyCount "71"]
[EventDate "2025.01.03"]
[EventType "swiss"]
[EventCountry "USA"]
[SourceTitle "playchess.com"]
[Source "ChessBase"]
[SourceQuality "1"]
[TimeControl "5400+30"]

1. d4 d5 2. c4 e6 3. Nf3 Nf6 4. Nc3 Be7 5. cxd5 exd5 6. Bg5 h6 7. Bh4 c6 8. Qc2 O-O 9. e3 Ne4 10. Bxe7 Qxe7 11. Bd3 Re8 12. O-O Bf5 13. Ne5 Nd7 14. f3 Nxe5 15. dxe5 Nxc3 16. Bxf5 Nb5 17. f4 f6 18. Bh7+ Kh8 19. a4 Nc7 20. Bg6 Rf8 21. Qc3 fxe5 22. fxe5 Rxf1+ 23. Rxf1 Rf8 24. Rxf8+ Qxf8 25. Qa5 Qe7 26. Qxa7 Ne6 27. a5 Nf8 28. Qb8 Kg8 29. Qe8 Qxe8 30. Bxe8 Ne6 31. Bd7 Nd8 32. Bc8 c5 33. Bxb7 d4 34. Bd5+ Kf8 35. exd4 cxd4 36. a6 1-0

[Event "Marshall CC Premier 01-2025"]
[Site "New York"]
[Date "2025.01.05"]
[Round "4.8"]
[White "Dong, Kyle Qiyu"]
[Black "Debmisra, Ariv"]
[Result "1-0"]
[ECO "A20"]
[WhiteElo "1998"]
[BlackElo "1803"]
[Annotator "RC"]
[PlyCount "75"]
[EventDate "2025.01.03"]
[EventType "swiss"]
[EventCountry "USA"]
[SourceTitle "playchess.com"]
[Source "ChessBase"]
[SourceQuality "1"]
[TimeControl "5400+30"]

1. c4 e5 2. g3 Nf6 3. Bg2 d5 4. cxd5 Nxd5 5. Nf3 Nc6 6. O-O Bc5 7. Nxe5 Nxe5 8. d4 Nb4 9. dxc5 Qxd1 10. Rxd1 Nc2 11. Nc3 Nxa1 12. Bf4 Ng6 13. Bxc7 O-O 14. Rxa1 Ne7 15. Bd6 Re8 16. Nb5 Nc6 17. Nc7 Bd7 18. Nxa8 Rxa8 19. e3 Rc8 20. Rc1 Nd8 21. b4 Bb5 22. a4 Bd7 23. b5 a6 24. Rb1 axb5 25. axb5 h6 26. Be7 Bf5 27. Rd1 Ne6 28. Rc1 Rc7 29. Bd6 Rd7 30. b6 Nd8 31. Bc7 Kf8 32. Bxd8 Rxd8 33. Bxb7 Ke7 34. c6 Rb8 35. e4 Be6 36. f4 g6 37. g4 Bxg4 38. f5 1-0

[Event "Marshall CC Premier 01-2025"]
[Site "New York"]
[Date "2025.01.05"]
[Round "4.9"]
[White "Sukhiashvili, Alexander"]
[Black "Gartenlaub, Corin"]
[Result "1-0"]
[ECO "C41"]
[WhiteElo "2019"]
[BlackElo "2027"]
[Annotator "RC"]
[PlyCount "73"]
[EventDate "2025.01.03"]
[EventType "swiss"]
[EventCountry "USA"]
[SourceTitle "playchess.com"]
[Source "ChessBase"]
[SourceQuality "1"]
[TimeControl "5400+30"]

1. e4 d6 2. d4 Nf6 3. Nc3 e5 4. Nf3 Nbd7 5. Bc4 Be7 6. a4 c6 7. O-O O-O 8. h3 h6 9. Re1 Re8 10. a5 Bf8 11. Qd3 exd4 12. Qxd4 Qc7 13. Bf4 Ne5 14. Be2 Nfd7 15. Bg3 Nxf3+ 16. Bxf3 Ne5 17. Be2 Ng6 18. Red1 Rd8 19. h4 Be7 20. h5 Nf8 21. Qc4 Qb8 22. Rd2 Be6 23. Qb4 b6 24. Rad1 bxa5 25. Qxa5 Rd7 26. Qa3 Rb7 27. Bxd6 Bxd6 28. Rxd6 Qc7 29. Na4 Rab8 30. b3 Nd7 31. Nc5 Nxc5 32. Qxc5 Rb6 33. f4 Rb4 34. Bf3 R8b6 35. f5 R6b5 36. Rd8+ Kh7 37. Qf8 1-0

[Event "Marshall CC Premier 01-2025"]
[Site "New York"]
[Date "2025.01.05"]
[Round "4.10"]
[White "Hinson, Miles"]
[Black "Raparthi, Ankit"]
[Result "1/2-1/2"]
[ECO "B72"]
[WhiteElo "1975"]
[BlackElo "1941"]
[Annotator "RC"]
[PlyCount "79"]
[EventDate "2025.01.03"]
[EventType "swiss"]
[EventCountry "USA"]
[SourceTitle "playchess.com"]
[Source "ChessBase"]
[SourceQuality "1"]
[TimeControl "5400+30"]

1. e4 c5 2. Nf3 d6 3. d4 cxd4 4. Nxd4 Nf6 5. Nc3 g6 6. Be3 Nc6 7. f3 h5 8. Qd2 Nxd4 9. Bxd4 Bh6 10. Be3 Bxe3 11. Qxe3 Be6 12. Be2 Qa5 13. O-O Rc8 14. Qd4 O-O 15. f4 Qc5 16. Rad1 Bg4 17. Rf2 Qxd4 18. Rxd4 Rc5 19. Bxg4 Nxg4 20. Re2 Rfc8 21. Rdd2 Kf8 22. h3 Nh6 23. Kf2 f6 24. Kf3 g5 25. g3 h4 26. gxh4 gxf4 27. Kxf4 Rh5 28. Rd5 e5+ 29. Ke3 Ke7 30. Rd3 Rxh4 31. Kd2 f5 32. Rg3 Kf7 33. exf5 Rf4 34. Nd5 Rd4+ 35. Rd3 Nxf5 36. Rf2 Ke6 37. Rxf5 Rxd5 38. Rh5 Rxd3+ 39. cxd3 Rc7 40. Rg5 1/2-1/2